 Dungeon Crawl Stone Soup version 0.19-a0-1692-g68728bb (webtiles) character file.

1607 Flanowski the Changer (level 8, -3/40 HPs)
             Began as a Vine Stalker Transmuter on Sept 26, 2016.
             Was a Follower of Ashenzari.
             Slain by slumpy's ghost (7 damage)
             ... on level 7 of the Dungeon.
             The game lasted 00:12:35 (6434 turns).

Flanowski the Changer (Vine Stalker Transmuter)     Turns: 6434, Time: 00:12:38

Health: -3/40      AC:  3    Str: 12    XL:     8   Next: 95%
Magic:  0/25       EV: 22    Int: 13    God:    Ashenzari [*.....]
Gold:   328        SH:  0    Dex: 23    Spells: 4 memorised, 6 levels left

rFire  . . .     SeeInvis .       - Unarmed
rCold  . . .     Gourm    .     (armour currently unavailable)
rNeg   . . .     Faith    .     (shield currently unavailable)
rPois  .         Spirit   +     (helmet currently unavailable)
rElec  .         Dismiss  .     (cloak currently unavailable)
rCorr  .         Reflect  .     (gloves currently unavailable)
MR     +....     Harm     .     (boots currently unavailable)
Stlth  ++........               (no amulet)
                                p - ring of magical power
                                i - ring of poison resistance (curse)

@: spider-form (expiring)
A: (fangs 0), regeneration 1, magic shield, (antimagic bite), no device heal 3,
rot immunity
a: End Transformation, Curse Item, Scrying, Renounce Religion


You were on level 7 of the Dungeon.
You worshipped Ashenzari.
Ashenzari was aware of your devotion.
You were hungry.
You were a venomous arachnid creature.
You visited 2 branches of the dungeon, and saw 8 of its levels.

You collected 328 gold pieces.

Inventory:

Hand Weapons
 j - a +3 short sword of freezing
 C - the +9 short sword "Zyssesk" (melded) {freeze, MR+}
   (You found it on level 5 of the Dungeon)

   It has been specially enchanted to freeze those struck by it, causing extra
   injury to most foes and up to half again as much damage against particularly
   susceptible opponents.
   It can also slow down cold-blooded creatures.
   It affects your resistance to hostile enchantments.
Missiles
 a - 58 arrows
Armour
 w - a +0 robe (melded)
 E - the +3 robe of Uwaolluy {-Cast Str+6 Dex-3 Stlth+}
   (You found it on level 5 of the Dungeon)

   It affects your strength (+6).
   It affects your dexterity (-3).
   It prevents spellcasting.
   It makes you more stealthy.
Jewellery
 b - an uncursed ring of positive energy
 i - a cursed ring of poison resistance (left front leg)
 p - a ring of magical power (right front leg)
 v - an uncursed ring of protection from fire
Wands
 l - a wand of acid (12/15)
 D - a wand of enslavement (5/24)
Scrolls
 e - 2 scrolls of magic mapping
 g - 2 scrolls of teleportation
 h - 2 scrolls of identify
 k - 3 scrolls of enchant armour
 o - a scroll of vulnerability {unknown}
 B - 2 scrolls of random uselessness {unknown}
Potions
 d - 3 potions of curing {unknown}
 m - 4 potions of flight {unknown}
 n - a potion of agility {unknown}
 q - a potion of experience {unknown}
 r - a potion of heal wounds {unknown}
 s - 2 potions of brilliance {unknown}
 A - 2 potions of degeneration {unknown}
Books
 c - a book of Changes

   Spells                             Type                      Level
   a - Beastly Appendage              Transmutation                1
   b - Sticks to Snakes               Transmutation                2
   c - Spider Form                    Transmutation/Poison         3
   d - Ice Form                       Ice/Transmutation            4
   e - Blade Hands                    Transmutation                5
Comestibles
 f - a meat ration
 u - 2 beef jerkies
 z - 3 fruits


   Skills:
 + Level 3.0 Fighting
 + Level 3.6 Dodging
 + Level 5.1 Unarmed Combat
 + Level 5.3 Spellcasting
 * Level 6.8 Transmutations
 + Level 2.3 Poison Magic


You had 6 spell levels left.
You knew the following spells:

 Your Spells              Type           Power        Failure   Level  Hunger
a - Beastly Appendage     Tmut           ###...       6%          1    None
b - Sticks to Snakes      Tmut           ###.....     6%          2    ##.....
c - Spider Form           Tmut/Pois      ###.......   28%         3    ###....
d - Blade Hands           Tmut           ###.......   56%         5    ######.


Dungeon Overview and Level Annotations

Branches:
Dungeon (7/15)             Temple (1/1) D:5

Altars:
Ashenzari
Cheibriados
Elyvilon
Fedhas
Gozag
Hepliaklqana
Kikubaaqudgha
Makhleb
Nemelex Xobeh
Okawaru
Qazlal
Ru
Sif Muna
Trog
Vehumet
Xom
Zin
The Shining One

Annotations:
D:6 cortexin's ghost, novice GrAK
D:7 slumpy's ghost, novice OpCj


Innate Abilities, Weirdness & Mutations

((You have razor-sharp teeth.))
Your natural rate of healing is unusually fast.
When hurt, damage is shared between your health and your magic reserves.
((Your bite disrupts and absorbs the magic of your enemies.))
Potions and wands cannot restore your health.
You are immune to rotting.


Message History

You hit slumpy's ghost.
Slumpy's ghost is moderately damaged.
Slumpy's ghost hits you! Slumpy's ghost burns you.
You hit slumpy's ghost but do no damage.
Slumpy's ghost is moderately damaged.
Slumpy's ghost hits you. Slumpy's ghost burns you.
You bite slumpy's ghost!
Slumpy's ghost is heavily damaged.
Slumpy's ghost hits you! Slumpy's ghost burns you.
You miss slumpy's ghost.
Slumpy's ghost is heavily damaged.
Slumpy's ghost stares at you and mumbles some strange words.
The magic dart hits you!
You bite slumpy's ghost!
Slumpy's ghost is severely damaged.
Your transformation is almost over.
Slumpy's ghost hits you!
* * * LOW HITPOINT WARNING * * *
Slumpy's ghost burns you!
You die...

'....'.(.#
#....###.#
#.# ######
#.# #.# #.#
#.# #.# #.#
#.# #.# #.#
#.#
#.#########†#
#........sW.#
#############


You could see slumpy's ghost.

Vanquished Creatures
  Pikel (D:7)
  An ice beast (D:5)
  2 phantoms
  A big kobold (D:6)
  3 scorpions
  A centaur zombie (D:5)
  2 crimson imps
  2 bullfrog skeletons (D:4)
  A quasit (D:5)
  A hound (D:4)
  3 orc wizards
  A centaur skeleton (D:7)
  2 orc priests
  5 worker ants
  An iguana (D:5)
  2 adders
  An ooze (D:7)
  An adder skeleton (D:4)
  4 worms
  A dart slug (D:5)
  5 leopard geckos
  9 orcs
  4 ball pythons
  5 bats
  3 giant cockroaches
  6 goblins
  A hobgoblin (D:3)
  6 jackals
  8 kobolds
  4 quokkas
  6 frilled lizards
  A giant cockroach zombie (D:6)
  A quokka zombie (D:5)
  3 rats
98 creatures vanquished.

Vanquished Creatures (collateral kills)
  An ogre (D:5)
  A kobold (D:6)
2 creatures vanquished.

Vanquished Creatures (others)
  Menkaure (D:7)
1 creature vanquished.

Grand Total: 101 creatures vanquished

Notes
Turn   | Place    | Note
-------+----------+-------------------------------------------
     0 | D:1      | Flanowski the Vine Stalker Transmuter began the quest for the Orb.
     0 | D:1      | Reached XP level 1. HP: 9/9 MP: 4/4
   466 | D:1      | Reached XP level 2. HP: 13/14 MP: 6/6
  1691 | D:2      | Reached XP level 3. HP: 17/17 MP: 5/7
  2509 | D:4      | Reached skill level 3 in Transmutations
  2621 | D:4      | Reached skill level 1 in Fighting
  2621 | D:4      | Gained mutation: Your natural rate of healing is unusually fast. [Vine Stalker growth]
  2621 | D:4      | Reached XP level 4. HP: 14/22 MP: 6/9
  2633 | D:4      | Learned a level 2 spell: Sticks to Snakes
  2637 | D:4      | Learned a level 3 spell: Spider Form
  2741 | D:4      | Reached XP level 5. HP: 25/25 MP: 10/10
  2843 | D:4      | Reached skill level 4 in Transmutations
  3143 | D:4      | Reached XP level 6. HP: 26/30 MP: 12/12
  3704 | D:5      | Entered Level 5 of the Dungeon
  3739 | D:5      | Got a crystal short sword
  3740 | D:5      | Identified the +9 short sword "Zyssesk" {freeze, MR+} (You found it on level 5 of the Dungeon)
  3911 | D:5      | Reached XP level 7. HP: 15/35 MP: 4/14
  4044 | D:5      | Reached skill level 5 in Transmutations
  4057 | D:5      | Got a sheer robe
  4072 | D:5      | Identified the +3 robe of Uwaolluy {-Cast Str+6 Dex-3 Stlth+} (You found it on level 5 of the Dungeon)
  4192 | D:5      | Found a staircase to the Ecumenical Temple.
  4197 | Temple   | Entered the Ecumenical Temple
  4225 | Temple   | Became a worshipper of Ashenzari the Shackled
  4633 | D:5      | Reached skill level 1 in Poison Magic
  4987 | D:6      | Reached * piety under Ashenzari
  5050 | D:6      | Noticed cortexin's ghost (novice GrAK)
  5065 | D:6      | Gained mutation: You have razor-sharp teeth. [Vine Stalker growth]
  5065 | D:6      | Reached XP level 8. HP: 37/39 MP: 15/15
  5221 | D:5      | Learned a level 5 spell: Blade Hands
  5424 | D:5      | Reached skill level 6 in Transmutations
  6131 | D:7      | Noticed Pikel
  6152 | D:7      | Killed Pikel
  6152 | D:7      | Reached skill level 5 in Spellcasting
  6174 | D:7      | Reached skill level 5 in Unarmed Combat
  6182 | D:7      | Noticed Menkaure
  6266 | D:7      | Killed Menkaure
  6418 | D:7      | Noticed slumpy's ghost (novice OpCj)
  6434 | D:7      | Slain by slumpy's ghost

Vault maps used:
D:1:      saegor_arrival_simple_e
D:3:      first_bread, serial_bayou_lagoon_b
D:4:      kennysheep_six_static_rooms, serial_co_window_serial,
          co_window_paths_b, co_window_corner_a, co_window_paths_b,
          co_window_paths_a, co_window_paths_a, co_window_paths_b,
          co_window_paths_a, co_window_corner_b, co_window_paths_c,
          co_window_broadway_c, co_window_paths_c, co_window_paths_e,
          glass_columns_b, glass_columns_c, glass_columns_c, glass_columns_a
D:7:      gammafunk_temple_overflow_statue, grunt_livestock, st_stairs_8,
          uniq_pikel, uniq_menkaure
Temple:   compressed_dpeg_circular_temple

Skill      XL: |  1  2  3  4  5  6  7  8 |
---------------+-------------------------+-----
Transmutations | 3 4 5 6 |  6.8
Fighting       | 1 2 3 |  3.0
Spellcasting   | 3 4 5 |  5.3
Dodging        | 2 3 |  3.6
Poison Magic   | 1 2 |  2.3
Unarmed Combat | 4 5 |  5.1

Action                   |  1- 3 |  4- 6 |  7- 9 || total
-------------------------+-------+-------+-------++-------
Melee: Unarmed           |    25 |    21 |   127 ||   173
       Bite              |    16 |    27 |    14 ||    57
       Kick              |     4 |    13 |    11 ||    28
       Short sword       |    68 |   105 |    35 ||   208
       Headbutt          |     6 |     8 |     1 ||    15
       Punch             |       |     3 |     1 ||     4
 Cast: Beastly Appendage |    32 |    17 |     5 ||    54
       Spider Form       |       |     2 |    19 ||    21
       Sticks to Snakes  |       |       |    11 ||    11
       Blade Hands       |       |       |     1 ||     1
Invok: Curse Item        |       |       |     1 ||     1
  Use: Scroll            |     5 |       |     2 ||     7
 Stab: Sleeping          |       |     2 |     1 ||     3
  Eat: Chunk             |     1 |     5 |     5 ||    11
       Bread ration      |     1 |       |     1 ||     2
       Fruit             |       |       |     1 ||     1
Armor: Robe              |    18 |    27 |     7 ||    52
       Skin              |       |     1 |     7 ||     8
Dodge: Dodged            |    53 |    86 |   129 ||   268
